 Dungeon Crawl Stone Soup version 0.30-a0-142-g7370640ec8 (webtiles) character file.

Game seed: 6579984079141215817

77 qw the Chopper (level 4, -4/30 HPs)
             Began as a Gargoyle Fighter on Sept 26, 2022.
             Frozen to death by an endoplasm (5 damage)
             ... on level 3 of the Dungeon.
             The game lasted 00:00:26 (1662 turns).

qw the Chopper (Gargoyle Fighter)                   Turns: 1662, Time: 00:00:26

Health: -4/30      AC: 12    Str: 21    XL:     4   Next: 33%
Magic:  4/4        EV:  9    Int:  7    God:
Gold:   71         SH:  4    Dex: 13    Spells: 3/3 levels left

rFire   . . .      SeeInvis .    Y - +0 war axe
rCold   . . .      Faith    .    c - +0 buckler
rNeg    + . .      Spirit   .    b - +0 scale mail
rPois   inf        Reflect  .    (no helmet)
rElec   +          Harm     .    (no cloak)
rCorr   .          Rampage  .    (no gloves)
Will    .....                    p - +0 pair of boots
Stlth   ..........               (no amulet)
HPRegen 0.10/turn                (no ring)
MPRegen 0.09/turn                (no ring)

@: about to teleport, unable to read
A: sickness immunity, AC +3, negative energy resistance 1, electricity
resistance, torment resistance 1, petrification resistance, agile 1, robust 1,
shaggy fur 1, inability to read after injury 1
a: no special abilities


You were on level 3 of the Dungeon.
You visited 1 branch of the dungeon, and saw 4 of its levels.

You collected 71 gold pieces.


Innate Abilities, Weirdness & Mutations

You are immune to sickness and miasma.
Your stone body is resilient. (AC +3)
You are immune to poison.
You resist negative energy. (rN+)
You are resistant to electric shocks. (rElec)
You are resistant to unholy torment.
You are immune to petrification.
You are agile. (Dex +4, Str/Int -1)
You are robust. (+10% HP)
You are covered in fur. (AC +1)
You occasionally lose the ability to read scrolls when taking damage.


   Skills:
 - Level 3.2 Fighting
 + Level 3.7 Axes
 - Level 1.1 Throwing
 - Level 3.2 Armour
 - Level 3.2 Shields


You had 3 spell levels left.
You didn't know any spells.
Your spell library was empty.

Inventory:

Hand Weapons
 g - a +0 club
 Y - a +0 war axe (weapon)
Missiles
 n - 4 silver javelins (quivered)
Armour
 b - a +0 scale mail (worn)
 c - a +0 buckler (worn)
 p - a +0 pair of boots (worn)
Scrolls
 k - a scroll of teleportation
Potions
 d - 2 potions of might
 e - a potion of resistance {unknown}
 h - a potion of haste
 q - a potion of lignification {unknown}

Dungeon Overview and Level Annotations

Branches:
Dungeon (4/15)
 Temple: D:4-7

Altars:


Message History

The orc hits you but does no damage. You block the kobold's attack.
You slash the orc priest!
You kill the orc priest!
You barely miss the kobold. You closely miss the adder.
The adder bites you but does no damage. The kobold hits you but does no damage.
You block the orc's attack. The adder bites you but does no damage.
You have reached level 4!
You feel stronger.
You miss the adder. You hit the kobold.
You kill the kobold!
Your surroundings suddenly seem different.
A kobold, an endoplasm, an orc wizard and 3 orcs come into view.
Found an encrusted ivory wand and a dagger.
The kobold shouts!
The endoplasm quivers.
The orc shouts!
The orc wizard shouts!
The orc shouts!
The orc hits you but does no damage. x2
The orc wizard gestures wildly while chanting.
The orc wizard flickers and vanishes!
Deactivating autopickup; reactivate with Ctrl-A.
The orc hits you but does no damage.
Enter note:
1660 ||| READING 2 scrolls of teleportation.
As you read the scroll of teleportation, it crumbles to dust.
You feel strangely unstable. The orc hits you but does no damage.
The orc hits you with a +0 flail. The endoplasm hits you.
You hit the orc.
The orc is almost dead.
You completely miss the orc. You hit the endoplasm. You hit the orc.
The endoplasm freezes you.
You are frozen.
You block the orc's attack. x2
The orc hits you but does no damage.
You hit the orc but do no damage.
The orc is almost dead.
You hit something. You hit the orc. You hit the endoplasm but do no damage.
You hit the orc but do no damage. The endoplasm freezes you.
You are frozen.
You feel threatened and lose the ability to read scrolls!
You die...

#########
).......#
........####
.......K... ###
.......oo#....#
......o@..../..
.......J###....
........# .
........#
###.##### #. #


You could see 3 orcs, an endoplasm and a kobold.

Vanquished Creatures
  An orc priest (D:3)
  An adder (D:2)
  An orc (D:3)
  An endoplasm (D:1)
  A giant cockroach (D:1)
  2 goblins (D:1)
  A hobgoblin (D:1)
  8 jackals (D:1)
  3 kobolds
  A quokka (D:1)
  5 ball pythons (D:1)
  4 bats (D:1)
  A frilled lizard (D:1)
  5 rats (D:1)
35 creatures vanquished.

Notes
Turn   | Place    | Note
-------+----------+-------------------------------------------
     0 | D:1      | qw the Gargoyle Fighter began the quest for the Orb.
     0 | D:1      | Reached XP level 1. HP: 14/14 MP: 1/1
     0 | D:1      | 0 ||| qw: Version: 0.2-a-10-g399e6c4
     0 | D:1      | 0 ||| qw: Game counter: 439
     0 | D:1      | 0 ||| qw: Always use a shield: true
     0 | D:1      | 0 ||| qw: God list: Okawaru
     0 | D:1      | 0 ||| qw: Allow faded altars: false
     0 | D:1      | 0 ||| qw: Do Orc after D:15 true
     0 | D:1      | 0 ||| qw: Do second Lair branch before Depths: true
     0 | D:1      | 0 ||| qw: Lair rune preference: random
     0 | D:1      | 0 ||| qw: Plans: Normal, Zot:1-4, God:TSO, Crypt, Tomb,
                  | Pan, Slime:5, Hells, Abyss, Orb
     0 | D:1      | 0 ||| PLANNING D:1-11
   233 | D:1      | Reached XP level 2. HP: 11/19 MP: 2/2
   565 | D:1      | 565 ||| Stepping ~*~*~tactically~*~*~ (stealth).
   566 | D:1      | 566 ||| Stepping ~*~*~tactically~*~*~ (stealth).
   616 | D:1      | Reached skill level 3 in Axes
   618 | D:1      | Reached XP level 3. HP: 22/23 MP: 3/3
  1227 | D:1      | 1227 ||| UPGRADING to +0 pair of boots.
  1232 | D:1      | 1232 ||| READING scroll labelled VIOWNU YMALOU.
  1233 | D:1      | 1233 ||| READING scroll labelled BEOFAU QOTEBB.
  1234 | D:1      | 1234 ||| READING scroll labelled SOPSUD YRULASO.
  1335 | D:1      | 1335 ||| READING 3 scrolls labelled OWNYFEE ZAPPUE.
  1340 | D:1      | 1340 ||| READING scroll labelled TAOGI XOID.
  1386 | D:1      | 1386 ||| READING scroll labelled FAGUKH WAEDEW.
  1387 | D:1      | 1387 ||| DRINKING 2 amethyst potions.
  1388 | D:1      | 1388 ||| DRINKING 2 sedimented purple potions.
  1388 | D:1      | Gained mutation: You are frail. (-10% HP) [potion of
                  | mutation]
  1388 | D:1      | Gained mutation: Your flesh is heat resistant. (rF+)
                  | [potion of mutation]
  1388 | D:1      | Gained mutation: Your body sometimes deteriorates upon
                  | taking damage. [potion of mutation]
  1389 | D:1      | 1389 ||| DRINKING potion of mutation.
  1389 | D:1      | Lost mutation: Your flesh is heat resistant. (rF+) [potion
                  | of mutation]
  1389 | D:1      | Lost mutation: Your body sometimes deteriorates upon taking
                  | damage. [potion of mutation]
  1389 | D:1      | Lost mutation: You are frail. (-10% HP) [potion of
                  | mutation]
  1389 | D:1      | Gained mutation: You are robust. (+10% HP) [potion of
                  | mutation]
  1389 | D:1      | Gained mutation: You are covered in fur. (AC +1) [potion of
                  | mutation]
  1389 | D:1      | Gained mutation: You occasionally lose the ability to read
                  | scrolls when taking damage. [potion of mutation]
  1389 | D:1      | Gained mutation: You are agile. (Dex +4, Str/Int -1)
                  | [potion of mutation]
  1525 | D:2      | Reached skill level 1 in Throwing
  1624 | D:2      | You fall into a shaft and drop 2 floors!
  1653 | D:3      | HP: 5/25 [orc/+0 hand axe (4)]
  1657 | D:3      | 1657 ||| READING 3 scrolls of teleportation.
  1659 | D:3      | Reached XP level 4. HP: 4/30 MP: 4/4
  1660 | D:3      | 1660 ||| READING 2 scrolls of teleportation.
  1660 | D:3      | HP: 4/30 [orc/+0 flail (1)]
  1661 | D:3      | HP: 1/30 [frozen (2)]
  1662 | D:3      | Frozen to death by an endoplasm

Levels and vault maps discovered:
D:1:      minmay_arrival_widening_spiral_wide, layout_loops_ring,
          feat_on_display
D:2:      layout_basic, uniq_sigmund
D:3:      layout_rooms
D:4:      layout_cave_pools, chequers_temple_overflow_minitemple, uniq_menkaure

Skill      XL: |  1  2  3 |
---------------+----------+-----
Axes           | 2 3 |  3.7
Throwing       | 1 |  1.1
Fighting       | |  3.2
Armour         | |  3.2
Shields        | |  3.2

Action                   |  1- 3 |  4- 6 || total
-------------------------+-------+-------++-------
Melee: War axe           |    81 |     3 ||    84
Throw: Javelin           |    10 |       ||    10
  Use: Scroll            |     7 |     1 ||     8
       Potion            |     3 |       ||     3
Armor: Scale mail        |    65 |     5 ||    70
Dodge: Dodged            |    39 |       ||    39
Block: Buckler           |    26 |     2 ||    28

Table legend:
 A = Non-vault XP
 B = Vault XP
 C = Vault XP percentage of total XP
 D = Non-vault monster count
 E = Vault monster count
 F = Vault count percentage of total count
                 A         B        C        D         E       F
            +---------+---------+-------+---------+---------+-------
      Total |     110 |       0 |   0.0 |      35 |       0 |   0.0
            +---------+---------+-------+---------+---------+-------
        D:1 |      50 |       0 |   0.0 |      30 |       0 |   0.0
        D:2 |      14 |       0 |   0.0 |       1 |       0 |   0.0
        D:3 |      46 |       0 |   0.0 |       4 |       0 |   0.0
            +---------+---------+-------+---------+---------+-------
